TOP OF THE 1ST |
Mile High Broncos batting - Pitching for Albuquerque Isotopes : RHP Germán Hernández
|
Pitching: RHP Germán Hernández
|
|
Batting: RHB Alfredo Ramírez
|
0-0: Ball 1-0: SINGLE (Groundball, 6MD)
|
Batting: RHB Evan Robinson
|
0-0: Ball 1-0: Foul Ball, location: 2F 1-1: Foul Ball, location: 2F 1-2: Foul Ball, location: 2F 1-2: Ball 2-2: Ball 3-2: SINGLE (Line Drive, 9S) Alfredo Ramírez to second
|
Batting: LHB Tony Báez
|
0-0: Foul Ball, location: 2F 0-1: Ball 1-1: Ball 2-1: Ball 3-1: Base on Balls Alfredo Ramírez to third Evan Robinson to second
|
Batting: RHB António Martínez
|
0-0: Ball 1-0: Fielders Choice at 2nd, 3-6 (Groundball, 3) Alfredo Ramírez scores Evan Robinson to third
|
Batting: SHB Michael Field
|
0-0: Ball 1-0: Ball 2-0: Called Strike 2-1: Ball 3-1: Fly out, F6 (Popup, 6S)
|
Batting: RHB Rodney González
|
0-0: Ball 1-0: Ball 2-0: Called Strike 2-1: Ball 3-1: Ground out 6-3 (Groundball, 6M)
|
Top of the 1st over - 1 run, 2 hits, 0 errors, 2 left on base; Mile High 1 - Albuquerque 0 |
BOTTOM OF THE 1ST |
Albuquerque Isotopes batting - Pitching for Mile High Broncos : RHP Hokusai Nakashima
|
Pitching: RHP Hokusai Nakashima
|
|
Batting: LHB Burt Ward
|
0-0: Foul Ball, location: 2F 0-1: Ball 1-1: Ball 2-1: Foul Ball, location: 2F 2-2: Ball 3-2: Foul Ball, location: 2F 3-2: Base on Balls
|
Batting: RHB Javier Peña
|
0-0: Ball 1-0: Called Strike 1-1: Ball 2-1: Swinging Strike 2-2: Fly out, F4 (Popup, 4M)
|
Batting: LHB Edward Bennett
|
0-0: Swinging Strike 0-1: Called Strike 0-2: Ball 1-2: Foul Ball, location: 2F 1-2: 2-RUN HOME RUN (Flyball, 9LD), Distance : 362 ft
|
Batting: RHB Roberto Tobías
|
0-0: Ball 1-0: Foul Ball, location: 2F 1-1: SOLO HOME RUN (Flyball, 78XD), Distance : 392 ft
|
Batting: LHB Fernando Ortíz
|
0-0: Called Strike 0-1: Foul Ball, location: 2F 0-2: Hit by Pitch
|
Batting: LHB Tanyu Imai
|
0-0: Fielders Choice at 2nd, 3-6 (Groundball, 3)
|
Batting: RHB Piotr Zahn
|
0-0: Ball 1-0: Ball 2-0: SINGLE (Groundball, 34D) Tanyu Imai to second Runner from 2nd tries for 3rd, SAFE, throw made to third
|
Batting: LHB Wally Harris
|
0-0: Ball Wild Pitch! Tanyu Imai scores Piotr Zahn to second 1-0: Foul Ball, location: 2F 1-1: SINGLE (Groundball, 34D) Piotr Zahn to third
|
Batting: RHB Will Stafford
|
0-0: Ball 1-0: Ball 2-0: 3-RUN HOME RUN (Flyball, 7D), Distance : 384 ft
|
Batting: LHB Burt Ward
|
0-0: Swinging Strike 0-1: Ball 1-1: Foul Ball, location: 2F 1-2: Ball 2-2: Ball 3-2: Foul Ball, location: 2F 3-2: Foul Ball, location: 2F 3-2: Ground out 4-3 (Groundball, 4M)
|
Bottom of the 1st over - 7 runs, 5 hits, 0 errors, 0 left on base; Mile High 1 - Albuquerque 7 |
TOP OF THE 2ND |
Mile High Broncos batting - Pitching for Albuquerque Isotopes : RHP Germán Hernández
|
Batting: RHB Luis Ramos
|
0-0: Ball 1-0: Ball 2-0: Ground out 1-3 (Groundball, 15S)
|
Batting: LHB Jesús González
|
0-0: Fly out, F8 (Flyball, 8RM)
|
Batting: SHB Paco Martínez
|
0-0: Called Strike 0-1: Foul Ball, location: 2F 0-2: Strikes out looking
|
Top of the 2nd over - 0 runs, 0 hits, 0 errors, 0 left on base; Mile High 1 - Albuquerque 7 |
BOTTOM OF THE 2ND |
Albuquerque Isotopes batting - Pitching for Mile High Broncos : RHP Hokusai Nakashima
|
Batting: RHB Javier Peña
|
0-0: Ball 1-0: Fly out, F3 (Popup, 3SF)
|
Batting: LHB Edward Bennett
|
0-0: SINGLE (Flyball, 78S)
|
Batting: RHB Roberto Tobías
|
0-0: Ball 1-0: Ball 2-0: Ball 3-0: Called Strike 3-1: SINGLE (Line Drive, 9S) Edward Bennett to second
|
Batting: LHB Fernando Ortíz
|
0-0: Foul Ball, location: 2F 0-1: Grounds into double play, 6-4-3 (Groundball, 6)
|
Bottom of the 2nd over - 0 runs, 2 hits, 0 errors, 1 left on base; Mile High 1 - Albuquerque 7 |
TOP OF THE 3RD |
Mile High Broncos batting - Pitching for Albuquerque Isotopes : RHP Germán Hernández
|
Batting: RHB Alfredo Ramírez
|
0-0: Ball 1-0: Foul Ball, location: 2F 1-1: Ball 2-1: Swinging Strike 2-2: Strikes out swinging
|
Batting: RHB Evan Robinson
|
0-0: Ball 1-0: Ball 2-0: Called Strike 2-1: Ball 3-1: Base on Balls
|
Batting: LHB Tony Báez
|
0-0: Called Strike 0-1: Foul Ball, location: 2F 0-2: Ball 1-2: Ball 2-2: Ball 3-2: Strikes out swinging
|
Batting: RHB António Martínez
|
0-0: Ball 1-0: SINGLE (Flyball, 6D) Evan Robinson to second
|
Batting: SHB Michael Field
|
0-0: Called Strike 0-1: Ground out 4-3 (Groundball, 4)
|
Top of the 3rd over - 0 runs, 1 hit, 0 errors, 2 left on base; Mile High 1 - Albuquerque 7 |
BOTTOM OF THE 3RD |
Albuquerque Isotopes batting - Pitching for Mile High Broncos : RHP Hokusai Nakashima
|
Batting: LHB Tanyu Imai
|
0-0: Ball 1-0: Foul Ball, location: 2F 1-1: Ball 2-1: Ball 3-1: Base on Balls
|
Batting: RHB Piotr Zahn
|
0-0: Ball 1-0: Called Strike 1-1: Ball 2-1: Foul Ball, location: 2F 2-2: Foul Ball, location: 2F 2-2: Ball 3-2: Fly out, F9 (Flyball, 89M)
|
Batting: LHB Wally Harris
|
0-0: Called Strike 0-1: Fielders Choice at 2nd, 4-6 (Groundball, 4)
|
Batting: RHB Will Stafford
|
0-0: Ball 1-0: Called Strike 1-1: Foul Ball, location: 2F 1-2: Fielders Choice at 2nd, 5-4 (Groundball, 56)
|
Bottom of the 3rd over - 0 runs, 0 hits, 0 errors, 1 left on base; Mile High 1 - Albuquerque 7 |
TOP OF THE 4TH |
Mile High Broncos batting - Pitching for Albuquerque Isotopes : RHP Germán Hernández
|
Batting: RHB Rodney González
|
0-0: SINGLE (Line Drive, 34D)
|
Batting: RHB Luis Ramos
|
0-0: Foul Ball, location: 2F 0-1: Called Strike 0-2: Strikes out swinging
|
Batting: LHB Jesús González
|
0-0: Called Strike 0-1: Ball 1-1: Ball 2-1: Fly out, F7 (Flyball, 78M)
|
Batting: SHB Paco Martínez
|
0-0: SINGLE (Groundball, 56D) Rodney González to second
|
Batting: RHB Alfredo Ramírez
|
0-0: Ball 1-0: Ball 2-0: SINGLE (Groundball, 34D) Rodney González to third Paco Martínez to second Runner from 3rd tries for Home, SAFE, no throw
|
Batting: RHB Evan Robinson
|
0-0: Ball 1-0: Called Strike 1-1: Fly out, F7 (Flyball, 7LSF)
|
Top of the 4th over - 1 run, 3 hits, 0 errors, 2 left on base; Mile High 2 - Albuquerque 7 |
BOTTOM OF THE 4TH |
Albuquerque Isotopes batting - Pitching for Mile High Broncos : RHP Hokusai Nakashima
|
Batting: LHB Burt Ward
|
0-0: Called Strike 0-1: Fly out, F7 (Flyball, 7D)
|
Batting: RHB Javier Peña
|
0-0: Foul Ball, location: 2F 0-1: Fly out, F3 (Popup, 3SF)
|
Batting: LHB Edward Bennett
|
0-0: Ball 1-0: Foul Ball, location: 2F 1-1: Ball 2-1: Ground out 3-1 (Groundball, 34S)
|
Bottom of the 4th over - 0 runs, 0 hits, 0 errors, 0 left on base; Mile High 2 - Albuquerque 7 |
TOP OF THE 5TH |
Mile High Broncos batting - Pitching for Albuquerque Isotopes : RHP Germán Hernández
|
Batting: LHB Tony Báez
|
0-0: Called Strike 0-1: Swinging Strike 0-2: Foul Ball, location: 2F 0-2: Ball 1-2: Strikes out swinging
|
Batting: RHB António Martínez
|
0-0: Called Strike 0-1: Ball 1-1: Ball 2-1: Foul Ball, location: 2F 2-2: Ball 3-2: Fly out, F9 (Flyball, 9S)
|
Batting: SHB Michael Field
|
0-0: Foul Ball, location: 2F 0-1: Foul Ball, location: 2F 0-2: Ball 1-2: Foul Ball, location: 2F 1-2: Foul Ball, location: 2F 1-2: Ball 2-2: Fly out, F8 (Flyball, 8RM)
|
Top of the 5th over - 0 runs, 0 hits, 0 errors, 0 left on base; Mile High 2 - Albuquerque 7 |
BOTTOM OF THE 5TH |
Albuquerque Isotopes batting - Pitching for Mile High Broncos : RHP Hokusai Nakashima
|
Batting: RHB Roberto Tobías
|
0-0: Ball 1-0: Called Strike 1-1: Fly out, F4 (Popup, 4)
|
Batting: LHB Fernando Ortíz
|
0-0: Foul Ball, location: 2F 0-1: Foul Ball, location: 2F 0-2: Ball 1-2: SOLO HOME RUN (Flyball, 9D), Distance : 381 ft
|
Batting: LHB Tanyu Imai
|
0-0: Ball 1-0: Ball 2-0: SOLO HOME RUN (Flyball, 9LD), Distance : 387 ft
|
Batting: RHB Piotr Zahn
|
0-0: Called Strike 0-1: Fly out, F8 (Flyball, 8LS)
|
Batting: LHB Wally Harris
|
0-0: Called Strike 0-1: Ground out 5-3 (Groundball, 56)
|
Bottom of the 5th over - 2 runs, 2 hits, 0 errors, 0 left on base; Mile High 2 - Albuquerque 9 |
TOP OF THE 6TH |
Mile High Broncos batting - Pitching for Albuquerque Isotopes : RHP Germán Hernández
|
Batting: RHB Rodney González
|
0-0: TRIPLE (Line Drive, 8RXD) Hidden ball trick at third base, runner out!
|
Batting: RHB Luis Ramos
|
0-0: Foul Ball, location: 2F 0-1: Ball 1-1: Ball 2-1: Foul Ball, location: 2F 2-2: Foul Ball, location: 2F 2-2: Fly out, F9 (Flyball, 89S)
|
Batting: LHB Jesús González
|
0-0: Called Strike 0-1: Fly out, F8 (Flyball, 8LM)
|
Top of the 6th over - 0 runs, 1 hit, 0 errors, 0 left on base; Mile High 2 - Albuquerque 9 |
BOTTOM OF THE 6TH |
Albuquerque Isotopes batting - Pitching for Mile High Broncos : RHP Hokusai Nakashima
|
Batting: RHB Will Stafford
|
0-0: Called Strike 0-1: Ball 1-1: Called Strike 1-2: Foul Ball, location: 2F 1-2: Strikes out looking
|
Batting: LHB Burt Ward
|
0-0: Ball 1-0: Foul Ball, location: 2F 1-1: Foul Ball, location: 2F 1-2: Ball 2-2: SINGLE (Line Drive, 9S)
|
Batting: RHB Javier Peña
|
0-0: Ball Burt Ward steals 2nd base 1-0: Ground out 4-3 (Groundball, 4) Burt Ward to third
|
Batting: LHB Edward Bennett
|
0-0: Called Strike 0-1: Ball 1-1: Ground out 4-3 (Groundball, 4)
|
Bottom of the 6th over - 0 runs, 1 hit, 0 errors, 1 left on base; Mile High 2 - Albuquerque 9 |
TOP OF THE 7TH |
Mile High Broncos batting - Pitching for Albuquerque Isotopes : RHP Germán Hernández
|
Batting: SHB Paco Martínez
|
0-0: Foul Ball, location: 2F 0-1: Ball 1-1: Ball 2-1: Ball 3-1: Base on Balls
|
Batting: RHB Alfredo Ramírez
|
0-0: Fly out, F8 (Flyball, 8LD)
|
Batting: RHB Evan Robinson
|
0-0: Foul Ball, location: 2F 0-1: Ball 1-1: Ball 2-1: Ball 3-1: SINGLE (Groundball, 6MD) Paco Martínez to second
|
Batting: LHB Tony Báez
|
0-0: Foul Ball, location: 2F 0-1: Called Strike 0-2: Strikes out swinging
|
Pitching: LHP Dan Brown
|
|
Batting: RHB António Martínez
|
0-0: Ball 1-0: Foul Ball, location: 2F 1-1: Ball 2-1: Foul Ball, location: 2F 2-2: Strikes out swinging
|
Top of the 7th over - 0 runs, 1 hit, 0 errors, 2 left on base; Mile High 2 - Albuquerque 9 |
BOTTOM OF THE 7TH |
Albuquerque Isotopes batting - Pitching for Mile High Broncos : RHP Hokusai Nakashima
|
Batting: RHB Roberto Tobías
|
0-0: Fly out, F4 (Line Drive, 4)
|
Batting: LHB Fernando Ortíz
|
0-0: Ball 1-0: Ball 2-0: Called Strike 2-1: Foul Ball, location: 2F 2-2: Foul Ball, location: 2F 2-2: Ball 3-2: Base on Balls
|
Batting: LHB Tanyu Imai
|
0-0: Called Strike 0-1: Foul Ball, location: 2F 0-2: Ball 1-2: Strikes out looking
|
Batting: RHB Piotr Zahn
|
0-0: Ball Fernando Ortíz steals 2nd base 1-0: Called Strike 1-1: Hit by Pitch
|
Pitching: LHP Jorge García
|
|
Batting: LHB Wally Harris
|
0-0: Swinging Strike 0-1: Fly out, F4 (Popup, 4M)
|
Bottom of the 7th over - 0 runs, 0 hits, 0 errors, 2 left on base; Mile High 2 - Albuquerque 9 |
TOP OF THE 8TH |
Mile High Broncos batting - Pitching for Albuquerque Isotopes : LHP Dan Brown
|
Now at C: Phil Neal
|
|
Now in LF: Martín López
|
|
Batting: SHB Michael Field
|
0-0: Called Strike 0-1: Ball 1-1: Fly out, F9 (Flyball, 89S)
|
Batting: RHB Rodney González
|
0-0: Ball 1-0: SINGLE (Line Drive, 6D)
|
Batting: RHB Luis Ramos
|
0-0: Called Strike 0-1: Ball 1-1: Ball 2-1: Swinging Strike 2-2: Ball 3-2: Foul Ball, location: 2F 3-2: Strikes out swinging
|
Batting: LHB Jesús González
|
0-0: Ball 1-0: Ball 2-0: Called Strike 2-1: Foul Ball, location: 2F 2-2: Strikes out swinging
|
Top of the 8th over - 0 runs, 1 hit, 0 errors, 1 left on base; Mile High 2 - Albuquerque 9 |
BOTTOM OF THE 8TH |
Albuquerque Isotopes batting - Pitching for Mile High Broncos : LHP Jorge García
|
Batting: RHB Will Stafford
|
0-0: Called Strike 0-1: Called Strike 0-2: Ball 1-2: Strikes out swinging
|
Batting: LHB Burt Ward
|
0-0: Ball 1-0: Ball 2-0: Foul Ball, location: 2F 2-1: Foul Ball, location: 2F 2-2: Ball 3-2: Ground out 5-3 (Groundball, 2L)
|
Batting: RHB Javier Peña
|
0-0: Called Strike 0-1: Foul Ball, location: 2F 0-2: Ball 1-2: Ball 2-2: Foul Ball, location: 2F 2-2: Foul Ball, location: 2F 2-2: Foul Ball, location: 2F 2-2: SINGLE (Groundball, 56D)
|
Batting: LHB Edward Bennett
|
0-0: Called Strike 0-1: Called Strike 0-2: Fly out, F8 (Flyball, 8LM)
|
Bottom of the 8th over - 0 runs, 1 hit, 0 errors, 1 left on base; Mile High 2 - Albuquerque 9 |
TOP OF THE 9TH |
Mile High Broncos batting - Pitching for Albuquerque Isotopes : LHP Dan Brown
|
Batting: SHB Paco Martínez
|
0-0: Called Strike 0-1: Ball 1-1: Swinging Strike 1-2: Ground out 6-3 (Groundball, 6)
|
Batting: RHB Alfredo Ramírez
|
0-0: Called Strike 0-1: Ball 1-1: Ball 2-1: Ball 3-1: Swinging Strike 3-2: Base on Balls
|
Batting: RHB Evan Robinson
|
0-0: Ball 1-0: Swinging Strike 1-1: Fly out, F9 (Flyball, 9S)
|
Batting: LHB Tony Báez
|
0-0: Ball 1-0: Ball 2-0: Ball 3-0: Base on Balls Alfredo Ramírez to second
|
Batting: RHB António Martínez
|
0-0: Called Strike 0-1: Ball 1-1: Ball 2-1: Ball 3-1: Foul Ball, location: 2F 3-2: Foul Ball, location: 2F 3-2: Base on Balls Alfredo Ramírez to third Tony Báez to second
|
Batting: SHB Michael Field
|
0-0: Foul Ball, location: 2F 0-1: Foul Ball, location: 2F 0-2: Ball 1-2: Ball 2-2: Ball 3-2: Base on Balls Alfredo Ramírez scores Tony Báez to third António Martínez to second
|
Batting: RHB Rodney González
|
0-0: Swinging Strike 0-1: Ball 1-1: Called Strike 1-2: Ball 2-2: Foul Ball, location: 2F 2-2: SINGLE (Line Drive, 6MD) Tony Báez scores António Martínez to third Michael Field to second
|
Pitching: LHP Alberto Ruíz
|
|
Batting: RHB Luis Ramos
|
0-0: Foul Ball, location: 2F 0-1: Ball 1-1: Ball 2-1: Foul Ball, location: 2F 2-2: Fly out, F3 (Popup, 23F)
|
Top of the 9th over - 2 runs, 1 hit, 0 errors, 3 left on base; Mile High 4 - Albuquerque 9 |
|